 Dungeon Crawl Stone Soup version 0.19-a0-143-gd109d65 (webtiles) character file.

136 AlphabetPasta the Magician (level 4, -3/30 HPs)
             Began as a Mummy Wizard on May 17, 2016.
             Slain by an orc priest
             ... wielding a +0 falchion
              (12 damage)
             ... on level 2 of the Dungeon.
             The game lasted 00:11:16 (2515 turns).

AlphabetPasta the Magician (Mummy Wizard)           Turns: 2515, Time: 00:11:16

Health: -3/30      AC:  3    Str: 10    XL:     4   Next: 98%
Magic:  0/10       EV: 12    Int: 18    God:
Gold:   108        SH:  0    Dex: 10    Spells: 5 memorised, 1 level left

rFire  x . .     SeeInvis .     k - +0 dagger
rCold  + . .     Gourm    .     a - +0 robe
rNeg   + + +     Faith    .     (no shield)
rPois  ∞         Spirit   .     b - +0 hat
rElec  .         Dismiss  +     i - +0 cloak
rCorr  .         Reflect  .     (no gloves)
SustAt .         Harm     .     (no boots)
MR     .....     Rnd*Tele +     d - amulet of dismissal
Stlth  ++........               (no ring)
                                e - ring of teleportation

@: very slightly contaminated, repel missiles, not resistant to hostile
enchantments, unstealthy
A: no food or potions, fire vulnerability, cold resistance 1, negative energy
resistance 3, torment resistance, unbreathing
a: no special abilities


You were on level 2 of the Dungeon.
You were not hungry.

You visited 1 branch of the dungeon, and saw 3 of its levels.

You collected 108 gold pieces.

Inventory:

Hand Weapons
 k - a +0 dagger (weapon)
Armour
 a - a +0 robe (worn)
 b - a +0 hat (worn)
 g - a +0 shield
 i - a +0 cloak (worn)
Jewellery
 d - an amulet of dismissal (around neck)
 e - a ring of teleportation (left hand)
Scrolls
 h - a scroll of identify
 j - a scroll of random uselessness
 l - a scroll of remove curse
Books
 c - a book of Minor Magic

   Spells                             Type                      Level
   a - Magic Dart                     Conjuration                  1
   b - Blink                          Translocation                2
   c - Call Imp                       Summoning                    2
   d - Repel Missiles                 Charms/Air                   2
   e - Slow                           Hexes                        2
   f - Conjure Flame                  Conjuration/Fire             3
   g - Mephitic Cloud                 Conjuration/Poison/Air       3


   Skills:
 + Level 2.3 Dodging
 - Level 1.5 Stealth
 * Level 4.1 Spellcasting
 + Level 1.9 Conjurations
 - Level 0.7 Summonings
 - Level 0.7 Translocations
 + Level 0.1 Fire Magic
 + Level 1.1 Air Magic


You had one spell level left.
You knew the following spells:

 Your Spells              Type           Power        Failure   Level  Hunger
a - Magic Dart            Conj           ##..         10%         1    N/A
b - Blink                 Tloc           N/A          17%         2    N/A
c - Call Imp              Summ           #.......     17%         2    N/A
d - Repel Missiles        Chrm/Air       #.....       17%         2    N/A
e - Conjure Flame         Conj/Fire      #.......     30%         3    N/A

Dungeon Overview and Level Annotations

Branches:
Dungeon (3/15)

Altars:
Kikubaaqudgha
Makhleb
Ru


Innate Abilities, Weirdness & Mutations

You do not eat or drink.
Your flesh is vulnerable to fire.
You are immune to poison.
Your flesh is cold resistant.
You are immune to negative energy.
You are immune to unholy pain and torment.
You can survive without breathing.


Message History

The orc priest misses you.
The orc priest calls down the wrath of Beogh upon you.
Beogh smites you!
Ouch! That really hurt!
* * * LOW HITPOINT WARNING * * *
Your crimson imp hits the orc priest but does no damage.
You are too injured to fight recklessly!
You hit the orc priest but do no damage.
The orc priest closely misses you.
Your crimson imp barely misses the orc priest.
You hit the orc priest but do no damage.
The orc priest closely misses you.
Your crimson imp barely misses the orc priest.
You hit the orc priest but do no damage.
The orc priest invokes the aid of Beogh against you.
You are unaffected.
Your crimson imp hits the orc priest.
You closely miss the orc priest.
The orc priest is lightly wounded.
The orc priest hits you with a falchion!
You die...

########..#.....................#
########......###.##............#
..)..(.....(....................#
..###)#####(.......>.##.##......#
#.#...#######.##.>..............#
#....###Z##.......#.#.#..#......#
###..######..####.#.#....#.######
# #...#...#..####o#.#...##.# #
#<#.#._.#####.@.5....###.#
###...#...# ##.#...##...#.#
##....#...####..#..##.>###.#
............##.##..##..# #.#
..............[##.###..# #%#
.............####.....####.####
.............###..............#
.....(.......##..........####.#
.........................# #.##


You could see an orc priest and a friendly crimson imp.

Vanquished Creatures
  A hound (D:2)
  An orc priest (D:3)
  3 adders (D:2)
  3 giant geckos
  An orc (D:2)
  9 bats
  3 giant cockroaches (D:2)
  8 hobgoblins
  5 kobolds
  3 giant newts
  4 goblins
  6 rats
47 creatures vanquished.

Vanquished Creatures (others)
  A human (D:2)
1 creature vanquished.

Grand Total: 48 creatures vanquished

Notes
Turn   | Place    | Note
--------------------------------------------------------------
     0 | D:1      | AlphabetPasta the Mummy Wizard began the quest for the Orb.
     0 | D:1      | Reached XP level 1. HP: 13/13 MP: 4/4
   367 | D:1      | Reached skill level 1 in Conjurations
   370 | D:1      | Reached XP level 2. HP: 19/19 MP: 1/6
   379 | D:1      | Learned a level 2 spell: Blink
   886 | D:2      | Learned a level 2 spell: Call Imp
   889 | D:2      | Learned a level 2 spell: Repel Missiles
  1207 | D:2      | Reached XP level 3. HP: 24/24 MP: 0/8
  1469 | D:2      | Found a sacrificial altar of Ru.
  1918 | D:2      | Found an ancient bone altar of Kikubaaqudgha.
  1918 | D:2      | Noticed a human
  1921 | D:2      | Killed a human
  1965 | D:2      | Found a burning altar of Makhleb.
  1975 | D:2      | Reached skill level 1 in Air Magic
  1975 | D:2      | Reached XP level 4. HP: 16/30 MP: 1/9
  2354 | D:2      | Reached skill level 4 in Spellcasting
  2414 | D:2      | Learned a level 3 spell: Conjure Flame
  2491 | D:2      | Upgraded the game from 0.19-a0-139-gefc6d61 to 0.19-a0-143-gd109d65
  2515 | D:2      | Slain by an orc priest

Vault maps used:
D:1:      lightli_arrival_windingriver, minmay_misc_feat_square
D:2:      nicolae_ru_sacrificial_ziggurat, makhleb_blood_cavern_becter,
          tgw_kikubaaqudgha
D:3:      minmay_misc_feat_ornament, kennysheep_generic_room_7

Skill      XL: |  1  2  3  4 |
---------------+-------------+-----
Conjurations   | 1 |  1.9
Dodging        | 2 |  2.3
Air Magic      | 1 |  1.1
Spellcasting   | 4 |  4.1
Stealth        | |  1.5
Summonings     | |  0.7
Translocations | |  0.7
Fire Magic     | |  0.1

Action                   |  1- 3 |  4- 6 || total
-------------------------+-------+-------++-------
Melee: Unarmed           |     5 |       ||     5
       Dagger            |    10 |     5 ||    15
 Cast: Magic Dart        |    99 |    32 ||   131
       Repel Missiles    |     1 |     2 ||     3
       Call Imp          |       |     1 ||     1
  Use: Scroll            |     3 |       ||     3
 Stab: Sleeping          |     1 |       ||     1
Armor: Robe              |    17 |     1 ||    18
Dodge: Dodged            |    48 |     8 ||    56
       Deflected         |     1 |     1 ||     2
